Unix NetHack Version 5.0.0-0 post-release - last build Jun 10 2026 00:39:30 (3ee93aec679c4c4259841fe613dc97188e26a321,branch:main).

Game began 2026-06-22 17:48:21, ended 2026-06-26 11:39:01.

Japes, lawful male human Monk

   -----------
   |....`....|
   |.........|
   |.........|
   |.........|
   |..........#
   -.---------#                                    #q
    ###       #                                    @
      #       #                             ########
      #       ###                         --|-------
      #         ##                        |........|
  ----.---      #-------     --.--       #|........|
  |......+     ##......|     |....########.........|
  |....<.|      #|.....|#####....|        ----------
  |......|       |.....-#    ||..|
  --------       -------     -----

Japes the Novice                St:25 Dx:14 Co:9 In:10 Wi:16 Ch:7  Lawful
Dlvl:7  $:139 HP:0(33) Pw:42(42) AC:5  Xp:5/319 T:1773  Burdened

Latest messages:
 You feel better.
 You kill the lichen!
 You see here a tin opener.
 I - a tin opener.
 The door opens.
 Something is engraved here on the headstone.
 You read: "Confusion will be my epitaph".
 You see here a food ration.
 You learn more about your items by comparing them.
 e - an uncursed food ration (5 in total).
 You find a hidden door.
 The door opens.
 You hit kmoxley's ghost!
 Kmoxley's ghost wakes up!
 You miss kmoxley's ghost.
 You hit kmoxley's ghost!
 You hit kmoxley's ghost!
 Kmoxley's ghost touches you!
 You hit kmoxley's ghost!
 You miss kmoxley's ghost.
 You hit kmoxley's ghost!
 Kmoxley's ghost touches you!
 You hit kmoxley's ghost!
 You hit kmoxley's ghost!
 You miss kmoxley's ghost.
 You destroy kmoxley's ghost!
 Welcome to experience level 5.
 You feel stealthy!
 There are many objects here.
 T - a balsa wand.
 U - a crystal wand.
 V - a long wand.
 W - a platinum wand.
 X - a uranium wand.
 Y - a bag.
 You have a little trouble lifting a bag.  Continue? [ynq] (q)
 You have a little trouble lifting Z - a bag.
 x - a key.
 Your knapsack cannot accommodate any more items.
 Your movements are slowed slightly because of your load.
 You hit the mumak!
 The mumak butts!
 The mumak bites!
 What do you want to drink? [dnotBGHQ or ?*]
 You feel better.
 The mumak butts!
 The mumak bites!
 You die...
 Do you want your possessions identified? [ynq] (y)
 Do you want to see your attributes? [ynq] (y)

Inventory:
 Coins    ('$')
  $ - 139 gold pieces
 Amulets  ('"')
  J - a cursed amulet of restful sleep
 Weapons  (')')
  S - 4 +0 darts
  a - a +0 long sword
 Armor    ('[')
  m - an uncursed +0 orcish helm
  F - an uncursed +0 pair of gauntlets of power (being worn)
  N - an uncursed +2 pair of leather gloves
  O - an uncursed +0 pair of low boots (being worn)
  M - an uncursed +0 oilskin cloak
  b - an uncursed +1 robe (being worn)
 Comestibles  ('%')
  p - an uncursed venti hot decaf vanilla latte
  f - 6 uncursed apples
  e - 5 uncursed food rations
  h - 4 uncursed fortune cookies
  z - an uncursed lembas wafer
  g - 6 uncursed oranges
  D - an uncursed pear
  u - a blessed tin of pureed dingo meat
 Scrolls  ('?')
  A - an uncursed scroll of blank paper
  K - a blessed scroll of create monster
  r - an uncursed scroll of create monster
  l - an uncursed scroll of destroy armor
  c - an uncursed scroll of identify
  P - an uncursed scroll of remove curse
  E - a blessed scroll of teleportation
  s - 2 uncursed scrolls of teleportation
 Spellbooks  ('+')
  L - an uncursed spellbook of force bolt
  i - a blessed spellbook of healing
 Potions  ('!')
  H - an uncursed potion of confusion
  Q - an uncursed potion of extra healing
  d - an uncursed potion of healing
  o - a blessed potion of monster detection
  t - a cursed potion of see invisible
  n - a cursed potion of sickness
  G - a cursed potion of sleeping
  B - an uncursed potion of water
 Rings    ('=')
  C - a cursed ring of aggravate monster
 Wands    ('/')
  y - a wand of digging (0:4)
  W - a wand of magic missile (0:5)
  X - a cursed wand of polymorph (0:5)
  V - a cursed wand of sleep (0:4)
  U - a wand of speed monster (0:6)
  T - a cursed wand of striking (0:3)
 Tools    ('(')
  Z - a blessed bag of holding containing 49 items
  Y - an empty uncursed sack
  k - an uncursed leash
  v - a cursed leash
  x - a cursed skeleton key
  I - an uncursed tin opener
 Gems/Stones  ('*')
  j - 2 uncursed opals
  R - an uncursed worthless piece of red glass
  w - an uncursed worthless piece of yellow glass
  q - an uncursed luckstone

Contents of the bag of holding:
  4321 gold pieces
  an uncursed burnt +0 pair of jumping boots
  an uncursed cram ration
  8 uncursed food rations
  an uncursed food ration
  an uncursed melon
  an uncursed lizard corpse
  an uncursed scroll of amnesia
  2 uncursed scrolls of blank paper
  a cursed scroll of blank paper
  an uncursed scroll of confuse monster
  a cursed scroll of confuse monster
  an uncursed scroll of create monster
  2 uncursed scrolls of destroy armor
  a blessed scroll of earth
  an uncursed scroll of earth
  2 uncursed scrolls of enchant armor
  3 uncursed scrolls of enchant weapon
  a blessed scroll of food detection
  a cursed scroll of food detection
  an uncursed scroll of gold detection
  a blessed scroll of identify
  an uncursed scroll of light
  2 uncursed scrolls of punishment
  2 uncursed scrolls of teleportation
  a blessed potion of blindness
  2 uncursed potions of extra healing
  3 uncursed potions of full healing
  an uncursed potion of gain ability
  a cursed potion of gain ability
  an uncursed potion of gain energy
  2 uncursed potions of healing
  an uncursed potion of restore ability
  a blessed potion of see invisible
  an uncursed potion of speed
  5 potions of holy water
  an uncursed potion of water
  an uncursed ring of free action
  an uncursed +2 ring of gain constitution
  an uncursed -2 ring of gain strength
  an uncursed ring of protection from shape changers
  an uncursed ring of sustain ability
  an uncursed ring of warning
  a wand of create monster (0:14)
  a wand of create monster (0:12)
  a wand of digging (0:8)
  a wand of speed monster (0:5)
  a magic marker (0:54)
  a +0 unicorn horn

Japes the Monk's attributes:

Background:
 You were a Novice, a level 5 male human Monk.
 You were lawful, nominally on a mission for Shan Lai Ching
 who was opposed by Chih Sung-tzu (neutral) and Huan Ti (chaotic).
 You were right-handed.
 You were in the Dungeons of Doom, on level 7.
 You entered the dungeon 1773 turns ago.
 You had 319 experience points, 1 more was needed to attain level 6.

Basics:
 You had 0 out of 33 hit points.
 You had all 42 energy points (spell power).
 Your armor class was 5.
 Your wallet contained 139 zorkmids, and
 you had 4321 more stashed away in your pack.
 Autopickup was on for '$' plus thrown.

Final Characteristics:
 Your strength was 25 (base:18/03, innate limit:18/100).
 Your dexterity was 14 (limit:18).
 Your constitution was 9 (limit:18).
 Your intelligence was 10 (limit:18).
 Your wisdom was 16 (limit:18).
 Your charisma was 7 (limit:18).

Final Status:
 You weren't hungry.
 You were burdened; movement was slightly slowed.
 You were empty handed.
 You had basic skill with martial arts.

Final Attributes:
 You were devoutly aligned.
 You were sleep resistant.
 You were poison resistant.
 You saw invisible.
 You were telepathic.
 You were stealthy.
 You were guarded.
 Your spell casting was enhanced by wearing a robe.
 You were fast.
 You were lucky.
 You had extra luck.
 Bad luck did not time out for you.
 Good luck did not time out for you.
 You are dead.

Miscellaneous:
 You encountered 1 bones level.
 Total elapsed playing time was 28 minutes and 53 seconds.

Major events:
 Turn
    1: Japes the lawful male human Monk entered the dungeon
  665: entered the Gnomish Mines
  707: attained the rank of Novice (level 3)
 1773: killed by a mumak

Spells:
 Name                 Level Category     Fail Retention
 healing                1   healing        0%  91%-100%

Skills:
 Fighting Skills
   martial arts       [Basic]
 Weapon Skills
   quarterstaff       [Unskilled]
   spear              [Unskilled]
   crossbow           [Unskilled]
   shuriken           [Unskilled]
 Spellcasting Skills
   attack spells      [Unskilled]
   healing spells     [Basic]
   divination spells  [Unskilled]
   enchantment spells [Unskilled]
   clerical spells    [Unskilled]
   escape spells      [Unskilled]
   matter spells      [Unskilled]

Voluntary challenges:
 Character rerolling was not enabled.
 You were an atheist.
 You never hit with a wielded weapon.
 You never genocided any monsters.
 You never polymorphed an object.
 You never changed form.
 You used no wishes.
Achievements:
 You entered the Gnomish Mines.
 You attained the rank of Novice.
 You entered a shop.

 The Dungeons of Doom: levels 1 to 7
    Level 1:
       A fountain.
    Level 2:
       Some fountains, a grave.
    Level 3:
       Stairs down to The Gnomish Mines.
    Level 4:
       A fountain.
    Level 5:
       A general store.
    Level 6:
    Level 7: <- You were here.
       A grave.
       Final resting place for
          you, killed by a mumak,
          kmoxley-Bar-Hum-Fem-Neu, killed by a mumak.
 The Gnomish Mines:
    Level 4:


Vanquished creatures:
  a ghost
  a rock piercer
  2 gray oozes
  a floating eye
  a giant bat
  a werejackal
 an acid blob
  2 large kobolds
  a hobgoblin
  3 cave spiders
  2 brown molds
  a green mold
  a gnome
  a gnome zombie
  4 geckos
  a jackal
  2 goblins
  a sewer rat
  a grid bug
  2 lichens
  6 newts
36 creatures vanquished.

No species were genocided or became extinct.

Game over:
                       ----------
                      /          \
                     /    REST    \
                    /      IN      \
                   /     PEACE      \
                  /                  \
                  |      Japes       |
                  |     4460 Au      |
                  |   killed by a    |
                  |      mumak       |
                  |                  |
                  |                  |
                  |       2026       |
                 *|     *  *  *      | *
        _________)/\\_//(\/(/\)/\//\/|_)_______

Goodbye Japes the Monk...

You died in The Dungeons of Doom on dungeon level 7 with 5664 points,
and 4460 pieces of gold, after 1773 moves.
You were level 5 with a maximum of 33 hit points when you died.

